 Dungeon Crawl Stone Soup version 0.30.0-29-ga12c61a403 (webtiles) character file.

Game seed: 1306425231220456887

387 GimliDwarf the Charlatan (level 6, -3/70 HPs)
             Began as a Gnoll Wanderer on June 15, 2023.
             Was an Initiate of Gozag.
             Slain by a gnoll
             ... wielding a +0 whip
              (5 damage)
             ... on level 3 of the Dungeon.
             The game lasted 00:14:42 (2996 turns).

GimliDwarf the Charlatan (Gnoll Wanderer)           Turns: 2996, Time: 00:14:43

Health: -3/70      AC: 23    Str: 10    XL:     6   Next: 78%
Magic:  0/11       EV:  2    Int: 15    God:    Gozag
Gold:   319        SH:  0    Dex: 11    Spells: 8/12 levels left

rFire   + . .        a - +2 quarterstaff
rCold   + . .        (shield currently unavailable)
rNeg    . . .        f - melded +2 leather armour {rC+}
rPois   +            (helmet currently unavailable)
rElec   .            (cloak currently unavailable)
rCorr   .            z - melded +0 pair of gloves
SInv    .            (boots currently unavailable)
Will    .....        t - amulet "Omeajopt" {Spirit rF+}
Stlth   ++           o - ring of protection from cold
HPRegen 0.31/turn    (no ring)
MPRegen 0.12/turn

%: guardian spirit
@: tree-form, very slightly contaminated
A: stationary, stasis, torment immunity, boosted hp, (fangs 1), strong nose,
distributed training
a: Renounce Religion, Potion Petition, Call Merchant, Bribe Branch


You were on level 3 of the Dungeon.
You worshipped Gozag.
Gozag was aware of your devotion.
You were a tree.
You visited 1 branch of the dungeon, and saw 4 of its levels.

You collected 599 gold pieces.
You spent 280 gold pieces at shops.

Inventory:

Hand Weapons
 a - a +2 quarterstaff (weapon)
Armour
 f - a +2 leather armour of cold resistance (melded)
 z - a +0 pair of gloves (melded)
Jewellery
 o - a ring of protection from cold (left branch)
 t - the amulet "Omeajopt" (around neck) {Spirit rF+}
   (You found it on level 2 of the Dungeon)

   [amulet of guardian spirit]

   It causes incoming damage to be divided between your reserves of health and
   magic.
   rF:        It protects you from fire.
Wands
 b - a wand of flame (20) (quivered)
 q - a wand of paralysis (4)
Scrolls
 c - a scroll of blinking
 e - 4 scrolls of teleportation {unknown}
 g - 3 scrolls of immolation {unknown}
 h - a scroll of magic mapping {unknown}
 j - 4 scrolls of identify {unknown}
 l - 2 scrolls of fear {unknown}
 n - 2 scrolls of enchant armour {unknown}
 s - a scroll of noise {unknown}
 w - a scroll of fog {unknown}
 y - a scroll of amnesia {unknown}
Potions
 i - a potion of heal wounds {unknown}
 k - 4 potions of curing
 m - 2 potions of might {unknown}
 p - a potion of lignification
 r - 2 potions of flight
 u - a potion of invisibility
 v - a potion of cancellation
 x - 2 potions of attraction {unknown}


   Skills:
 + Level 3.4 Fighting
 + Level 2.2 Short Blades
 + Level 2.2 Long Blades
 + Level 2.2 Axes
 + Level 2.2 Maces & Flails
 + Level 2.2 Polearms
 + Level 5.1 Staves
 + Level 2.2 Ranged Weapons
 + Level 3.4 Throwing
 + Level 3.4 Armour
 + Level 2.2 Dodging
 + Level 2.2 Stealth
 + Level 2.2 Shields
 + Level 2.2 Unarmed Combat
 + Level 3.6 Spellcasting
 + Level 4.2 Conjurations
 + Level 1.7 Hexes
 + Level 1.7 Summonings
 + Level 1.7 Necromancy
 + Level 1.7 Translocations
 + Level 1.7 Transmutations
 + Level 1.7 Fire Magic
 + Level 1.7 Ice Magic
 + Level 1.7 Air Magic
 + Level 1.7 Earth Magic
 + Level 1.7 Poison Magic
 + Level 2.4 Invocations
 + Level 5.1 Evocations


You had 8 spell levels left.
You knew the following spells:

 Your Spells              Type           Power      Damage    Failure   Level
a - Searing Ray           Conj           30%        2d5       4%          2
b - Static Discharge      Conj/Air       22%        2-3/arc   9%          2

Your spell library contained the following spells:

 Spells                   Type           Power      Damage    Failure   Level
 Tukima's Dance           Hex            8%         N/A       26%         3
 Passage of Golubria      Tloc           8%         N/A       65%         4
 Yara's Violent Unravell  Hex/Tmut       4%         3d4       94%         5


Dungeon Overview and Level Annotations

Branches:
Dungeon (4/15)
 Temple: D:4-7

Altars:
Dithmenos
Gozag
Hepliaklqana
Okawaru
Zin

Shops:
D:2 =[(*!   D:3 [


Innate Abilities, Weirdness & Mutations

You are a tree.
Your roots penetrate the ground, keeping you stationary.
You cannot be teleported.
You are immune to unholy pain and torment.
Your maximum health is greatly increased.
Your equipment is partially melded.
((You have very sharp teeth.))
Your uncanny sense of smell can sniff out nearby items.
Your experience applies equally to all skills.


Message History

You are very lightly contaminated with residual magic.
Nothing appears to happen.
The gnoll hits you with a +0 whip. x2
Unknown command.
Casting: Static Discharge (safe; 11% risk of failure)
Confirm with . or Enter, or press ? or * to list all spells.
The gnoll is struck by an arc of lightning.
The gnoll is heavily wounded.
The gnoll is struck by an arc of lightning.
The gnoll is heavily wounded.
The gnoll is struck by an arc of lightning.
The gnoll is severely wounded.
The lightning grounds out.
The gnoll hits you with a +0 whip. x3
Unknown command.
You struggle against the net.
The gnoll hits you with a +0 whip. x3
You struggle against the net.
The gnoll hits you with a +0 whip. x2
* * * LOW HITPOINT WARNING * * *
The gnoll hits you with a +0 whip.
* * * LOW HITPOINT WARNING * * *
Casting: Static Discharge (safe; 11% risk of failure)
Confirm with . or Enter, or press ? or * to list all spells.
You don't have enough magic to cast this spell.
Really quaff the potion of lignification?
You turn into a tree.
Your +0 pair of gloves melds into your body.
Your +2 leather armour of cold resistance melds into your body.
You feel less resistant to cold.
Your roots penetrate the ground.
The net rips apart!
The gnoll hits you with a +0 whip.
* * * LOW HITPOINT WARNING * * *
The gnoll hits you with a +0 whip.
* * * LOW HITPOINT WARNING * * *
The gnoll hits you but does no damage.
You hit the gnoll but do no damage.
The gnoll is severely wounded.
The gnoll hits you but does no damage. x2; The gnoll hits you with a +0 whip.
* * * LOW HITPOINT WARNING * * *
You barely miss the gnoll.
The gnoll is severely wounded.
The gnoll hits you with a +0 whip.
You die...
Your body crumbles into a pile of gold.

### #######.#. #.. #
#.#. #.# #. #.## #.#
.### ..## #.# ..#
#... #.# #.# # #...
#.#######.#####.#
####
#.........gg....###
##.#####....♣g......
#(.......#.########.
#..#######.# #..#
#.# ### #..# #.#
#..$ ## #..# #.. ...
.# #..# ### #.# #.#
#..# #.#####.#
#..########
#.##....#


You could see 3 gnolls.

Vanquished Creatures
  A phantom (D:4)
  A hound (D:4)
  An orc priest (D:3)
  2 iguanas (D:4)
  4 gnolls (D:3)
  4 adders
  2 worms
  4 dart slugs
  4 orcs (D:3)
  10 ball pythons
  12 endoplasms
  6 giant cockroaches
  9 goblins
  6 hobgoblins
  3 jackals (D:4)
  2 quokkas
  8 bats
  8 frilled lizards
  6 kobolds
  7 rats
100 creatures vanquished.

Notes
Turn   | Place    | Note
-------+----------+-------------------------------------------
     0 | D:1      | GimliDwarf the Gnoll Wanderer began the quest for the Orb.
     0 | D:1      | GimliDwarf set off with the following items: a +2
                  | quarterstaff, a wand of flame (7), a scroll of blinking, a
                  | +0 robe; and the following spells available to memorise:
                  | Searing Ray, Static Discharge.
     0 | D:1      | Reached XP level 1. HP: 17/17 MP: 4/4
   100 | D:1      | Reached XP level 2. HP: 23/23 MP: 5/5
   103 | D:1      | Learned a level 2 spell: Searing Ray
   238 | D:1      | Reached XP level 3. HP: 28/28 MP: 1/7
   403 | D:1      | Reached skill level 1 in Invocations
   743 | D:2      | Found a faded altar of an unknown god.
   747 | D:2      | Prayed at the altar of an unknown god.
   747 | D:2      | Became a worshipper of Gozag Ym Sagoz the Greedy
   764 | D:2      | Found Olujax's Jewellery Boutique.
   778 | D:2      | Noticed an animated gold dragon scales
   793 | D:2      | Reached skill level 1 in Short Blades
   793 | D:2      | Reached skill level 1 in Long Blades
   793 | D:2      | Reached skill level 1 in Axes
   793 | D:2      | Reached skill level 1 in Maces & Flails
   793 | D:2      | Reached skill level 1 in Polearms
   793 | D:2      | Reached skill level 1 in Ranged Weapons
   793 | D:2      | Reached skill level 1 in Dodging
   793 | D:2      | Reached skill level 1 in Stealth
   793 | D:2      | Reached skill level 1 in Shields
   793 | D:2      | Reached skill level 1 in Unarmed Combat
   813 | D:2      | Reached XP level 4. HP: 22/34 MP: 5/8
   900 | D:2      | Found Puocaogh's Weapon Emporium.
   901 | D:2      | Found Asoiq's Assorted Antiques.
   992 | D:2      | You fall into a shaft and drop 2 floors!
  1023 | D:4      | Reached skill level 1 in Hexes
  1023 | D:4      | Reached skill level 1 in Summonings
  1023 | D:4      | Reached skill level 1 in Necromancy
  1023 | D:4      | Reached skill level 1 in Translocations
  1023 | D:4      | Reached skill level 1 in Transmutations
  1023 | D:4      | Reached skill level 1 in Fire Magic
  1023 | D:4      | Reached skill level 1 in Ice Magic
  1023 | D:4      | Reached skill level 1 in Air Magic
  1023 | D:4      | Reached skill level 1 in Earth Magic
  1023 | D:4      | Reached skill level 1 in Poison Magic
  1023 | D:4      | Reached XP level 5. HP: 38/40 MP: 3/9
  1087 | D:4      | Noticed a phantom
  1096 | D:4      | Killed a phantom
  1257 | D:4      | Reached XP level 6. HP: 44/47 MP: 11/11
  1369 | D:4      | Found an iron altar of Okawaru.
  1372 | D:4      | Found a glowing silver altar of Zin.
  1375 | D:4      | Found a hazy altar of Hepliaklqana.
  1378 | D:4      | Found a shadowy altar of Dithmenos.
  1685 | D:4      | Reached skill level 5 in Staves
  1685 | D:4      | Reached skill level 5 in Evocations
  1930 | D:2      | Identified the amulet "Omeajopt" {Spirit rF+}
  1940 | D:2      | Learned a level 2 spell: Static Discharge
  1992 | D:2      | Found Rukhlicoi's Armour Shoppe.
  1994 | D:2      | Noticed an animated gold dragon scales
  2148 | D:2      | Found Luda's Distillery.
  2156 | D:2      | Bought a potion of invisibility for 80 gold pieces
  2156 | D:2      | Bought 2 potions of curing for 60 gold pieces
  2156 | D:2      | Bought a potion of lignification for 30 gold pieces
  2156 | D:2      | Bought a potion of flight for 30 gold pieces
  2156 | D:2      | Bought a potion of cancellation for 80 gold pieces
  2327 | D:3      | Found Renkumes's Armour Boutique.
  2995 | D:3      | HP: 2/70 [gnoll/+0 whip (3)]
  2996 | D:3      | Slain by a gnoll

Illustrated notes

Levels and vault maps discovered:
D:1:      saegor_arrival_simple_d, layout_rooms
D:2:      layout_rooms, serial_shops, shop_coins, shop, nicolae_shop_crystal,
          nicolae_shop_mannequins, shop, serial_forest,
          infiniplex_forest_clump_curved, infiniplex_forest_lined_3,
          infiniplex_forest_clump_small, infiniplex_forest_straight_3,
          infiniplex_forest_diagonal, infiniplex_forest_clump_medium,
          nicolae_ecumenical_pavilion
D:3:      layout_loops_ring, serial_shops, shop
D:4:      layout_basic, grunt_temple_overflow_cloverleaf, uniq_natasha

Skill      XL: |  1  2  3  4  5  6 |
---------------+-------------------+-----
Invocations    | 1 2 |  2.4
Short Blades   | 1 2 |  2.2
Long Blades    | 1 2 |  2.2
Axes           | 1 2 |  2.2
Maces & Flails | 1 2 |  2.2
Polearms       | 1 2 |  2.2
Ranged Weapons | 1 2 |  2.2
Dodging        | 1 2 |  2.2
Stealth        | 1 2 |  2.2
Shields        | 1 2 |  2.2
Unarmed Combat | 1 2 |  2.2
Spellcasting   | 3 |  3.6
Hexes          | 1 |  1.7
Summonings     | 1 |  1.7
Necromancy     | 1 |  1.7
Translocations | 1 |  1.7
Transmutations | 1 |  1.7
Fire Magic     | 1 |  1.7
Ice Magic      | 1 |  1.7
Air Magic      | 1 |  1.7
Earth Magic    | 1 |  1.7
Poison Magic   | 1 |  1.7
Fighting       | 3 |  3.4
Throwing       | 3 |  3.4
Armour         | 3 |  3.4
Conjurations   | 4 |  4.2
Staves         | 5 |  5.1
Evocations     | 5 |  5.1

Action                     |  1- 3 |  4- 6 || total
---------------------------+-------+-------++-------
  Melee: Quarterstaff      |    71 |   123 ||   194
         Bite              |     6 |     6 ||    12
   Cast: Searing Ray       |     5 |     8 ||    13
         Static Discharge  |       |     2 ||     2
  Evoke: Wand              |       |     4 ||     4
    Use: Potion            |       |     1 ||     1
   Stab: Distracted        |       |     3 ||     3
         Sleeping          |       |     3 ||     3
 Armour: Leather armour    |    28 |    56 ||    84
         Skin              |       |     3 ||     3
  Dodge: Dodged            |    41 |    80 ||   121
